Connexion

Heat vs Eagles

Created - 14 octobre 2023 at 08:23

Goals
1 2 3 T
Heat 1 1 2 4
Eagles 1 0 1 2
Shots
1 2 3 T
Heat 9 15 9 33
Eagles 11 9 9 29

GoalsPenalties
1st period
1. Eagles , Daniel Audette 2 (Devante Smith-Pelly 7, Ty Emberson 4) at 9:57
2. Heat , Brinson Pasichnuk 5 (Aidan McDonough 16, Tyce Thompson 10) at 11:02
Leo Komarov (COL) for Tripping (Minor) at 15:47
2nd period
3. Heat , Kyle Criscuolo 16 (Nathan Smith 28) at 5:30
Daniel Audette (COL) for Interference (Minor) at 1:10
Kyle Criscuolo (STO) for Interference (Minor) at 5:42
Leo Komarov (COL) for Charging (Minor) at 10:23
Jesper Lindgren (STO) for Holding (Minor) at 14:00
3rd period
4. Heat , Brinson Pasichnuk 6 (Tarmo Reunanen 20, Kyle Criscuolo 19) at 7:20 (PP)
5. Heat , Tarmo Reunanen 6 (Nathan Smith 29, Kyle Criscuolo 20) at 13:18
6. Eagles , David Gustafsson 10 (Brett Kulak 24, Leo Komarov 9) at 19:59
William Lockwood (COL) for Tripping (Minor) at 5:34
Goalie Stats
Matthew Galajda (STO), 27 saves from 29 shots - (0,931), W, 13-8-2, 60:00 minutes
Cory Schneider (COL), 29 saves from 33 shots - (0,879), L, 8-15-3, 60:00 minutes
3 StarsOfficial
1 - Brinson Pasichnuk (STO)
2 - Kyle Criscuolo (STO)
3 - Tarmo Reunanen (STO)
Referees : Marc Joannette and Dan O'Halloran
Linesman : Tim Nowak and Andy McElman
Game Note
No Game Note
Finance
Level 1 -- Attendance: 1300 (65,00%) -- Ticket Income 52 000 $
Level 2 -- Attendance: 617 (61,70%) -- Ticket Income 15 425 $
Total Attendance: 1917 (63,90%)
Total Ticket Income: 67 425 $
Other Income: 13 485 $
Total Income: 80 910 $



Team Name Goals Shots Shots Attemp Shots Blocked PIM HIT PP PK FO%
Heat 43356104161 / 4 (25%)048%
Eagles 2295878250 / 2 (0%)152%

Heat
Player Name POS G A P +/- PIM HIT SHT SB MP PP MP PP SHT PK MP PK SHT FO% FOT
Aidan McDonoughLW0111003018:303:5510:5800% 0
Artur KayumovLW/RW000-200117:540:0000:4000% 0
Brett LeasonRW0000020012:570:0000:000100% 1
Brinson PasichnukD2022014220:044:2321:5700% 0
Cole SchneiderLW/RW0000001012:570:0000:0000% 0
Egor SokolovLW/RW000-201207:490:0000:3500% 0
Greg McKeggC/LW/RW0001001018:063:5500:34056% 18
Jacob BrysonD000-1003124:073:2012:0100% 0
Jan JenikC/RW0000010012:570:0000:00018% 11
Jesper LindgrenD0000231215:480:0000:0000% 0
John Albert C000-200007:140:0000:00040% 10
Kevin GravelD0000001215:490:0000:0000% 0
Kyle CriscuoloC/RW1232205018:473:4810:29050% 2
Mathieu JosephLW/RW0002014020:393:4802:2000% 3
Nathan SmithC0222033020:393:4812:20062% 26
Steven OleksyD000-1032224:073:2002:0100% 0
Tarmo ReunanenD1122001020:044:2301:5700% 0
Tyce ThompsonRW0111011017:323:5510:0000% 0
Eagles
Player Name POS G A P +/- PIM HIT SHT SB MP PP MP PP SHT PK MP PK SHT FO% FOT
Adam TambelliniC/LW000000107:110:0000:0000% 0
Branden TroockRW000000107:110:0000:0000% 0
Brayden BurkeC/LW/RW000-1001014:581:5501:2900% 4
Brett KulakD011-1040224:432:0304:2500% 0
Cooper MarodyC/RW0001002020:481:5502:140100% 1
Dan RenoufD000-1050124:181:5504:0800% 0
Daniel AudetteC101-1212013:020:0800:00071% 14
David GustafssonC1011017022:321:5533:58036% 25
Devante Smith-PellyRW011-1022015:570:0003:0200% 0
Leo KomarovLW0111430019:581:5501:260100% 1
Marc-Edouard VlasicD0000004120:491:5523:1800% 0
Mark GiordanoD0000020120:491:5503:1800% 0
Matej PaulovicLW000-1000013:580:0001:0300% 1
Nikita TryamkinD0000010114:360:0800:0000% 0
Radek FaksaC000003007:190:0800:00063% 8
Ty EmbersonD0110010114:450:0000:1700% 0
Tyler BozakC000-1004015:512:0302:14065% 17
William LockwoodRW000-1225013:281:5520:0000% 0



Play-by-Play

1st period


0:01 of 1st period - David Gustafsson wins face-off versus Nathan Smith in neutral zone.
0:17 of 1st period - Shot by Mathieu Joseph.
0:17 of 1st period - Stopped by Cory Schneider with a rebound.
0:19 of 1st period - Shot by Kyle Criscuolo.
0:19 of 1st period - Shot Blocked by Brett Kulak.
0:21 of 1st period - Shot by Steven Oleksy.
0:21 of 1st period - Stopped by Cory Schneider without a rebound.
0:22 of 1st period - Greg McKegg wins face-off versus Brayden Burke in Eagles zone.
0:29 of 1st period - Shot by Brayden Burke.
0:29 of 1st period - Deflect By Tyler Bozak.
0:29 of 1st period - Stopped by Matthew Galajda without a rebound.
0:30 of 1st period - Daniel Audette wins face-off versus Jan Jenik in Heat zone.
1:42 of 1st period - Off-side.
1:43 of 1st period - Nathan Smith wins face-off versus David Gustafsson in neutral zone.
1:57 of 1st period - Shot by David Gustafsson.
1:57 of 1st period - Shot Blocked by Steven Oleksy.
3:07 of 1st period - Shot by Branden Troock.
3:07 of 1st period - Shot Misses the Net.
3:49 of 1st period - Shot by Brayden Burke.
3:49 of 1st period - Deflect By William Lockwood.
3:49 of 1st period - Stopped by Matthew Galajda without a rebound.
3:50 of 1st period - Daniel Audette wins face-off versus John Albert in Heat zone.
3:53 of 1st period - Shot by Matej Paulovic.
3:53 of 1st period - Deflect By Devante Smith-Pelly.
3:53 of 1st period - Stopped by Matthew Galajda without a rebound.
3:54 of 1st period - David Gustafsson wins face-off versus John Albert in Heat zone.
4:03 of 1st period - Shot by John Albert .
4:03 of 1st period - Shot Blocked by Brett Kulak.
4:29 of 1st period - Shot by Egor Sokolov.
4:29 of 1st period - Stopped by Cory Schneider without a rebound.
4:30 of 1st period - Brett Leason wins face-off versus Brayden Burke in Eagles zone.
5:24 of 1st period - Off-side.
5:25 of 1st period - David Gustafsson wins face-off versus Greg McKegg in neutral zone.
5:46 of 1st period - Tyce Thompson is hit by Dan Renouf and loses puck.
6:02 of 1st period - Tyce Thompson is hit by Brett Kulak and loses puck.
6:21 of 1st period - Shot by Kyle Criscuolo.
6:21 of 1st period - Stopped by Cory Schneider with a rebound.
6:23 of 1st period - Shot by Jesper Lindgren.
6:23 of 1st period - Stopped by Cory Schneider without a rebound.
6:24 of 1st period - John Albert wins face-off versus Daniel Audette in Eagles zone.
6:37 of 1st period - Steven Oleksy is hit by Devante Smith-Pelly and loses puck.
6:45 of 1st period - Jacob Bryson is hit by Ty Emberson and loses puck.
9:17 of 1st period - Shot by Steven Oleksy.
9:17 of 1st period - Shot Misses the Net.
9:29 of 1st period - Off-side.
9:30 of 1st period - Daniel Audette wins face-off versus John Albert in neutral zone.
9:37 of 1st period - Shot by Daniel Audette.
9:37 of 1st period - Shot Blocked by Kevin Gravel.
9:39 of 1st period - Shot by Ty Emberson.
9:39 of 1st period - Deflect By Devante Smith-Pelly.
9:39 of 1st period - Shot Blocked by Kevin Gravel.
9:46 of 1st period - Matej Paulovic is hit by Jesper Lindgren and loses puck.
9:51 of 1st period - Shot by Devante Smith-Pelly.
9:51 of 1st period - Shot Blocked by Jesper Lindgren.
9:53 of 1st period - Shot by Ty Emberson.
9:53 of 1st period - Shot Blocked by Artur Kayumov.
9:57 of 1st period - Shot by Devante Smith-Pelly.
9:57 of 1st period - Deflect By Daniel Audette.
9:57 of 1st period - Goal by Daniel Audette - Heat : 0 - Eagles : 1.
9:58 of 1st period - Radek Faksa wins face-off versus Nathan Smith in neutral zone.
10:13 of 1st period - Shot by Radek Faksa.
10:13 of 1st period - Shot Blocked by Steven Oleksy.
10:15 of 1st period - Shot by Adam Tambellini.
10:15 of 1st period - Stopped by Matthew Galajda with a rebound.
10:23 of 1st period - Shot by Radek Faksa.
10:23 of 1st period - Shot Misses the Net.
10:25 of 1st period - Shot by Adam Tambellini.
10:25 of 1st period - Deflect By Radek Faksa.
10:25 of 1st period - Shot Misses the Net.
10:27 of 1st period - Shot by Marc-Edouard Vlasic.
10:27 of 1st period - Shot Misses the Net.
10:29 of 1st period - Shot by Marc-Edouard Vlasic.
10:29 of 1st period - Stopped by Matthew Galajda without a rebound.
10:30 of 1st period - Greg McKegg wins face-off versus Daniel Audette in Heat zone.
11:00 of 1st period - Shot by Aidan McDonough.
11:00 of 1st period - Shot Misses the Net.
11:02 of 1st period - Shot by Brinson Pasichnuk.
11:02 of 1st period - Goal by Brinson Pasichnuk - Heat : 1 - Eagles : 1.
11:03 of 1st period - Nathan Smith wins face-off versus David Gustafsson in neutral zone.
12:02 of 1st period - Icing by Jacob Bryson.
12:03 of 1st period - Tyler Bozak wins face-off versus Jan Jenik in Heat zone.
12:04 of 1st period - Shot by Brayden Burke.
12:04 of 1st period - Shot Misses the Net.
12:06 of 1st period - Shot by Brayden Burke.
12:06 of 1st period - Shot Misses the Net.
12:16 of 1st period - Shot by William Lockwood.
12:16 of 1st period - Deflect By Brayden Burke.
12:16 of 1st period - Shot Misses the Net.
12:18 of 1st period - Shot by Marc-Edouard Vlasic.
12:18 of 1st period - Stopped by Matthew Galajda without a rebound.
12:19 of 1st period - Radek Faksa wins face-off versus Greg McKegg in Heat zone.
12:24 of 1st period - Shot by Branden Troock.
12:24 of 1st period - Stopped by Matthew Galajda without a rebound.
12:25 of 1st period - Greg McKegg wins face-off versus Tyler Bozak in Heat zone.
12:25 of 1st period - Greg McKegg is hit by William Lockwood.
12:28 of 1st period - Aidan McDonough is hit by William Lockwood and loses puck.
13:09 of 1st period - Icing by Jacob Bryson.
13:10 of 1st period - Greg McKegg wins face-off versus David Gustafsson in Heat zone.
13:59 of 1st period - Shot by Mathieu Joseph.
13:59 of 1st period - Deflect By Kyle Criscuolo.
13:59 of 1st period - Shot Misses the Net.
14:01 of 1st period - Shot by Nathan Smith.
14:01 of 1st period - Stopped by Cory Schneider without a rebound.
14:02 of 1st period - Daniel Audette wins face-off versus Jan Jenik in Eagles zone.
14:50 of 1st period - Steven Oleksy is hit by Daniel Audette and loses puck.
15:20 of 1st period - Brayden Burke is hit by Steven Oleksy and loses puck.
15:33 of 1st period - Shot by Brayden Burke.
15:33 of 1st period - Shot Misses the Net.
15:35 of 1st period - Shot by Tyler Bozak.
15:35 of 1st period - Stopped by Matthew Galajda without a rebound.
15:36 of 1st period - Nathan Smith wins face-off versus David Gustafsson in Heat zone.
15:36 of 1st period - Mathieu Joseph is hit by Leo Komarov.
15:47 of 1st period - Minor Penalty to Leo Komarov for Tripping.
15:48 of 1st period - David Gustafsson wins face-off versus Greg McKegg in Eagles zone.
16:56 of 1st period - Shot by Brett Kulak.
16:56 of 1st period - Shot Misses the Net.
17:54 of 1st period - Shot by Kevin Gravel.
17:54 of 1st period - Shot Misses the Net.
17:56 of 1st period - Shot by Cole Schneider.
17:56 of 1st period - Stopped by Cory Schneider without a rebound.
17:57 of 1st period - Radek Faksa wins face-off versus John Albert in Eagles zone.
18:19 of 1st period - Off-side.
18:20 of 1st period - Jan Jenik wins face-off versus David Gustafsson in neutral zone.
18:35 of 1st period - Shot by Jacob Bryson.
18:35 of 1st period - Stopped by Cory Schneider with a rebound.
18:49 of 1st period - Shot by Cooper Marody.
18:49 of 1st period - Stopped by Matthew Galajda without a rebound.
18:50 of 1st period - Nathan Smith wins face-off versus Tyler Bozak in Heat zone.
19:05 of 1st period - Shot by Brayden Burke.
19:05 of 1st period - Shot Blocked by Jesper Lindgren.
19:07 of 1st period - Shot by Marc-Edouard Vlasic.
19:07 of 1st period - Shot Misses the Net.
19:09 of 1st period - Shot by William Lockwood.
19:09 of 1st period - Stopped by Matthew Galajda without a rebound.
19:10 of 1st period - Radek Faksa wins face-off versus Greg McKegg in Heat zone.
Goals for this period are 1 for Heat vs 1 for Eagles.
Shots for this period are 9 for Heat vs 11 for Eagles.

2nd period


0:01 of 2nd period - Nathan Smith wins face-off versus David Gustafsson in neutral zone.
0:39 of 2nd period - Shot by Kyle Criscuolo.
0:39 of 2nd period - Stopped by Cory Schneider with a rebound.
0:41 of 2nd period - Shot by Nathan Smith.
0:41 of 2nd period - Shot Misses the Net.
1:03 of 2nd period - Shot by William Lockwood.
1:03 of 2nd period - Deflect By Tyler Bozak.
1:03 of 2nd period - Stopped by Matthew Galajda without a rebound.
1:04 of 2nd period - Daniel Audette wins face-off versus Jan Jenik in Heat zone.
1:10 of 2nd period - Minor Penalty to Daniel Audette for Interference.
1:11 of 2nd period - Greg McKegg wins face-off versus David Gustafsson in Eagles zone.
1:16 of 2nd period - Shot by Tarmo Reunanen.
1:16 of 2nd period - Shot Misses the Net.
1:18 of 2nd period - Shot by Brinson Pasichnuk.
1:18 of 2nd period - Stopped by Cory Schneider without a rebound.
1:19 of 2nd period - Tyler Bozak wins face-off versus Greg McKegg in Eagles zone.
1:39 of 2nd period - Shot by Aidan McDonough.
1:39 of 2nd period - Deflect By Tyce Thompson.
1:39 of 2nd period - Stopped by Cory Schneider without a rebound.
1:40 of 2nd period - Nathan Smith wins face-off versus David Gustafsson in Eagles zone.
1:43 of 2nd period - Shot by Nathan Smith.
1:43 of 2nd period - Stopped by Cory Schneider with a rebound.
1:55 of 2nd period - Shot by Kyle Criscuolo.
1:55 of 2nd period - Stopped by Cory Schneider with a rebound.
2:10 of 2nd period - Nathan Smith is hit by Brett Kulak and loses puck.
2:19 of 2nd period - Shot by Nathan Smith.
2:19 of 2nd period - Shot Misses the Net.
3:50 of 2nd period - Jesper Lindgren is hit by Radek Faksa and loses puck.
4:40 of 2nd period - Steven Oleksy is hit by Mark Giordano and loses puck.
5:00 of 2nd period - Off-side.
5:01 of 2nd period - Tyler Bozak wins face-off versus Nathan Smith in neutral zone.
5:12 of 2nd period - Shot by Mathieu Joseph.
5:12 of 2nd period - Stopped by Cory Schneider without a rebound.
5:13 of 2nd period - Cooper Marody wins face-off versus Greg McKegg in Eagles zone.
5:22 of 2nd period - Shot by Tyce Thompson.
5:22 of 2nd period - Shot Blocked by Ty Emberson.
5:24 of 2nd period - Shot by Tyce Thompson.
5:24 of 2nd period - Deflect By Aidan McDonough.
5:24 of 2nd period - Stopped by Cory Schneider without a rebound.
5:25 of 2nd period - Nathan Smith wins face-off versus Tyler Bozak in Eagles zone.
5:30 of 2nd period - Shot by Kyle Criscuolo.
5:30 of 2nd period - Goal by Kyle Criscuolo - Heat : 2 - Eagles : 1.
5:31 of 2nd period - David Gustafsson wins face-off versus Nathan Smith in neutral zone.
5:31 of 2nd period - Dan Renouf is hit by Nathan Smith and loses puck.
5:42 of 2nd period - Minor Penalty to Kyle Criscuolo for Interference.
5:43 of 2nd period - Tyler Bozak wins face-off versus Mathieu Joseph in Heat zone.
7:25 of 2nd period - Shot by David Gustafsson.
7:25 of 2nd period - Stopped by Matthew Galajda with a rebound.
7:27 of 2nd period - Shot by David Gustafsson.
7:27 of 2nd period - Stopped by Matthew Galajda with a rebound.
7:29 of 2nd period - Shot by Marc-Edouard Vlasic.
7:29 of 2nd period - Stopped by Matthew Galajda with a rebound.
8:09 of 2nd period - Shot by Jesper Lindgren.
8:09 of 2nd period - Shot Blocked by Nikita Tryamkin.
10:23 of 2nd period - Minor Penalty to Leo Komarov for Charging.
10:24 of 2nd period - Nathan Smith wins face-off versus David Gustafsson in Eagles zone.
10:25 of 2nd period - Shot by Steven Oleksy.
10:25 of 2nd period - Shot Blocked by Dan Renouf.
10:27 of 2nd period - Shot by Kyle Criscuolo.
10:27 of 2nd period - Shot Misses the Net.
10:31 of 2nd period - Shot by Kyle Criscuolo.
10:31 of 2nd period - Shot Misses the Net.
10:33 of 2nd period - Shot by Jacob Bryson.
10:33 of 2nd period - Stopped by Cory Schneider without a rebound.
10:34 of 2nd period - David Gustafsson wins face-off versus Nathan Smith in Eagles zone.
10:34 of 2nd period - David Gustafsson is hit by Mathieu Joseph.
10:47 of 2nd period - Icing by Mathieu Joseph.
10:48 of 2nd period - David Gustafsson wins face-off versus Nathan Smith in Heat zone.
11:22 of 2nd period - Shot by Greg McKegg.
11:22 of 2nd period - Deflect By Aidan McDonough.
11:22 of 2nd period - Stopped by Cory Schneider without a rebound.
11:23 of 2nd period - Greg McKegg wins face-off versus David Gustafsson in Eagles zone.
12:25 of 2nd period - Marc-Edouard Vlasic is hit by Jesper Lindgren and loses puck.
12:35 of 2nd period - Shot by Kevin Gravel.
12:35 of 2nd period - Stopped by Cory Schneider without a rebound.
12:36 of 2nd period - Tyler Bozak wins face-off versus John Albert in Eagles zone.
12:38 of 2nd period - Icing by William Lockwood.
12:39 of 2nd period - Tyler Bozak wins face-off versus Jan Jenik in Eagles zone.
12:39 of 2nd period - Tyler Bozak is hit by Jan Jenik.
13:25 of 2nd period - Brett Leason is hit by Devante Smith-Pelly and loses puck.
14:00 of 2nd period - Minor Penalty to Jesper Lindgren for Holding.
14:01 of 2nd period - Nathan Smith wins face-off versus David Gustafsson in Heat zone.
14:28 of 2nd period - Shot by David Gustafsson.
14:28 of 2nd period - Stopped by Matthew Galajda without a rebound.
14:29 of 2nd period - Tyler Bozak wins face-off versus Mathieu Joseph in Heat zone.
14:36 of 2nd period - Shot by Brett Kulak.
14:36 of 2nd period - Shot Misses the Net.
14:50 of 2nd period - Shot by Brayden Burke.
14:50 of 2nd period - Shot Misses the Net.
14:58 of 2nd period - Shot by William Lockwood.
14:58 of 2nd period - Stopped by Matthew Galajda with a rebound.
15:04 of 2nd period - Shot by William Lockwood.
15:04 of 2nd period - Stopped by Matthew Galajda with a rebound.
15:49 of 2nd period - Shot by Marc-Edouard Vlasic.
15:49 of 2nd period - Stopped by Matthew Galajda without a rebound.
15:50 of 2nd period - Tyler Bozak wins face-off versus Mathieu Joseph in Heat zone.
16:11 of 2nd period - Ty Emberson is hit by Brett Leason and loses puck.
16:22 of 2nd period - Shot by Devante Smith-Pelly.
16:22 of 2nd period - Shot Misses the Net.
17:17 of 2nd period - Shot by Aidan McDonough.
17:17 of 2nd period - Stopped by Cory Schneider with a rebound.
17:54 of 2nd period - Shot by Egor Sokolov.
17:54 of 2nd period - Stopped by Cory Schneider with a rebound.
17:56 of 2nd period - Shot by Steven Oleksy.
17:56 of 2nd period - Stopped by Cory Schneider without a rebound.
17:57 of 2nd period - Nathan Smith wins face-off versus Brayden Burke in Eagles zone.
17:57 of 2nd period - Nathan Smith is hit by Brett Kulak.
17:59 of 2nd period - Shot by Kyle Criscuolo.
17:59 of 2nd period - Deflect By Mathieu Joseph.
17:59 of 2nd period - Stopped by Cory Schneider without a rebound.
18:00 of 2nd period - Tyler Bozak wins face-off versus Nathan Smith in Eagles zone.
18:00 of 2nd period - Tyler Bozak is hit by Nathan Smith.
19:07 of 2nd period - Kyle Criscuolo is hit by David Gustafsson and loses puck.
19:14 of 2nd period - Shot by Cooper Marody.
19:14 of 2nd period - Shot Misses the Net.
19:16 of 2nd period - Shot by Cooper Marody.
19:16 of 2nd period - Deflect By Leo Komarov.
19:16 of 2nd period - Shot Misses the Net.
19:18 of 2nd period - Shot by David Gustafsson.
19:18 of 2nd period - Stopped by Matthew Galajda without a rebound.
19:19 of 2nd period - Greg McKegg wins face-off versus Daniel Audette in Heat zone.
Goals for this period are 1 for Heat vs 0 for Eagles.
Shots for this period are 15 for Heat vs 9 for Eagles.

3rd period


0:01 of 3rd period - Nathan Smith wins face-off versus David Gustafsson in neutral zone.
1:33 of 3rd period - Brayden Burke is hit by Brinson Pasichnuk and loses puck.
1:38 of 3rd period - Shot by Brayden Burke.
1:38 of 3rd period - Stopped by Matthew Galajda without a rebound.
1:39 of 3rd period - Daniel Audette wins face-off versus Jan Jenik in Heat zone.
2:11 of 3rd period - Icing by Nikita Tryamkin.
2:12 of 3rd period - Daniel Audette wins face-off versus Nathan Smith in Eagles zone.
2:12 of 3rd period - Daniel Audette is hit by Nathan Smith.
2:18 of 3rd period - Shot by Daniel Audette.
2:18 of 3rd period - Shot Misses the Net.
2:22 of 3rd period - Shot by Daniel Audette.
2:22 of 3rd period - Deflect By Devante Smith-Pelly.
2:22 of 3rd period - Stopped by Matthew Galajda without a rebound.
2:23 of 3rd period - John Albert wins face-off versus David Gustafsson in Heat zone.
2:28 of 3rd period - Shot by Artur Kayumov.
2:28 of 3rd period - Shot Misses the Net.
2:47 of 3rd period - Egor Sokolov is hit by Dan Renouf and loses puck.
2:55 of 3rd period - Egor Sokolov is hit by Brett Kulak and loses puck.
3:11 of 3rd period - Nathan Smith is hit by Leo Komarov and loses puck.
3:25 of 3rd period - Icing by Tarmo Reunanen.
3:26 of 3rd period - Tyler Bozak wins face-off versus Nathan Smith in Heat zone.
3:30 of 3rd period - Icing by Brinson Pasichnuk.
3:31 of 3rd period - Nathan Smith wins face-off versus Tyler Bozak in Heat zone.
3:33 of 3rd period - Icing by Kyle Criscuolo.
3:34 of 3rd period - Nathan Smith wins face-off versus Tyler Bozak in Heat zone.
3:53 of 3rd period - Shot by Tyler Bozak.
3:53 of 3rd period - Stopped by Matthew Galajda without a rebound.
3:54 of 3rd period - Daniel Audette wins face-off versus Greg McKegg in Heat zone.
4:54 of 3rd period - Icing by Steven Oleksy.
4:55 of 3rd period - Greg McKegg wins face-off versus David Gustafsson in Heat zone.
5:31 of 3rd period - Shot by Cooper Marody.
5:31 of 3rd period - Stopped by Matthew Galajda without a rebound.
5:32 of 3rd period - Nathan Smith wins face-off versus Tyler Bozak in Heat zone.
5:34 of 3rd period - Minor Penalty to William Lockwood for Tripping.
5:35 of 3rd period - Nathan Smith wins face-off versus David Gustafsson in Eagles zone.
6:37 of 3rd period - Tyce Thompson is hit by Dan Renouf and loses puck.
6:54 of 3rd period - Tyler Bozak is hit by Tyce Thompson and loses puck.
7:18 of 3rd period - Shot by Brinson Pasichnuk.
7:18 of 3rd period - Shot Blocked by Marc-Edouard Vlasic.
7:20 of 3rd period - Shot by Brinson Pasichnuk.
7:20 of 3rd period - Goal by Brinson Pasichnuk - Heat : 3 - Eagles : 1.
7:21 of 3rd period - Jan Jenik wins face-off versus Radek Faksa in neutral zone.
7:51 of 3rd period - Ty Emberson is hit by Jesper Lindgren and loses puck.
8:03 of 3rd period - Icing by Nikita Tryamkin.
8:04 of 3rd period - John Albert wins face-off versus Radek Faksa in Eagles zone.
8:04 of 3rd period - John Albert is hit by Nikita Tryamkin.
8:19 of 3rd period - Shot by Artur Kayumov.
8:19 of 3rd period - Stopped by Cory Schneider with a rebound.
8:22 of 3rd period - Icing by Ty Emberson.
8:23 of 3rd period - Radek Faksa wins face-off versus Kyle Criscuolo in Eagles zone.
8:28 of 3rd period - Mathieu Joseph is hit by Radek Faksa and loses puck.
9:06 of 3rd period - Leo Komarov is hit by Steven Oleksy and loses puck.
9:57 of 3rd period - Shot by Greg McKegg.
9:57 of 3rd period - Stopped by Cory Schneider without a rebound.
9:58 of 3rd period - Daniel Audette wins face-off versus Jan Jenik in Eagles zone.
9:58 of 3rd period - Daniel Audette is hit by Brett Leason.
11:42 of 3rd period - Shot by Brayden Burke.
11:42 of 3rd period - Shot Misses the Net.
11:44 of 3rd period - Shot by Marc-Edouard Vlasic.
11:44 of 3rd period - Shot Blocked by Brinson Pasichnuk.
11:46 of 3rd period - Shot by Brayden Burke.
11:46 of 3rd period - Shot Blocked by Brinson Pasichnuk.
11:48 of 3rd period - Shot by Mark Giordano.
11:48 of 3rd period - Shot Misses the Net.
11:50 of 3rd period - Shot by William Lockwood.
11:50 of 3rd period - Stopped by Matthew Galajda without a rebound.
11:51 of 3rd period - Nathan Smith wins face-off versus Radek Faksa in Heat zone.
11:51 of 3rd period - Nathan Smith is hit by Radek Faksa.
12:01 of 3rd period - Shot by Kyle Criscuolo.
12:01 of 3rd period - Stopped by Cory Schneider without a rebound.
12:02 of 3rd period - John Albert wins face-off versus Matej Paulovic in Eagles zone.
12:02 of 3rd period - John Albert is hit by Dan Renouf.
12:14 of 3rd period - Egor Sokolov is hit by Dan Renouf and loses puck.
12:33 of 3rd period - Shot by Daniel Audette.
12:33 of 3rd period - Stopped by Matthew Galajda with a rebound.
12:41 of 3rd period - Icing by Brett Kulak.
12:42 of 3rd period - Kyle Criscuolo wins face-off versus Daniel Audette in Eagles zone.
12:43 of 3rd period - Shot by Mathieu Joseph.
12:43 of 3rd period - Stopped by Cory Schneider with a rebound.
12:45 of 3rd period - Shot by Kyle Criscuolo.
12:45 of 3rd period - Shot Hit the Post.
12:47 of 3rd period - Shot by Nathan Smith.
12:47 of 3rd period - Shot Misses the Net.
13:14 of 3rd period - Shot by Kyle Criscuolo.
13:14 of 3rd period - Shot Misses the Net.
13:16 of 3rd period - Shot by Nathan Smith.
13:16 of 3rd period - Shot Misses the Net.
13:18 of 3rd period - Shot by Tarmo Reunanen.
13:18 of 3rd period - Goal by Tarmo Reunanen - Heat : 4 - Eagles : 1.
13:19 of 3rd period - Greg McKegg wins face-off versus David Gustafsson in neutral zone.
13:22 of 3rd period - Shot by Aidan McDonough.
13:22 of 3rd period - Shot Blocked by Mark Giordano.
13:31 of 3rd period - Icing by Mark Giordano.
13:32 of 3rd period - Leo Komarov wins face-off versus Jan Jenik in Eagles zone.
15:05 of 3rd period - Off-side.
15:06 of 3rd period - Daniel Audette wins face-off versus Greg McKegg in neutral zone.
15:35 of 3rd period - Off-side.
15:36 of 3rd period - David Gustafsson wins face-off versus Nathan Smith in neutral zone.
15:43 of 3rd period - Shot by Marc-Edouard Vlasic.
15:43 of 3rd period - Shot Misses the Net.
15:56 of 3rd period - Brinson Pasichnuk is hit by Mark Giordano and loses puck.
16:09 of 3rd period - Shot by David Gustafsson.
16:09 of 3rd period - Stopped by Matthew Galajda without a rebound.
16:10 of 3rd period - Greg McKegg wins face-off versus Brayden Burke in Heat zone.
16:34 of 3rd period - Icing by Tyler Bozak.
16:35 of 3rd period - Tyler Bozak wins face-off versus Jan Jenik in Eagles zone.
18:07 of 3rd period - Shot by Jacob Bryson.
18:07 of 3rd period - Stopped by Cory Schneider with a rebound.
18:27 of 3rd period - Shot by Nathan Smith.
18:27 of 3rd period - Stopped by Cory Schneider with a rebound.
19:15 of 3rd period - Shot by Aidan McDonough.
19:15 of 3rd period - Shot Misses the Net.
19:17 of 3rd period - Shot by Tyce Thompson.
19:17 of 3rd period - Shot Hit the Post.
19:19 of 3rd period - Shot by Brinson Pasichnuk.
19:19 of 3rd period - Stopped by Cory Schneider without a rebound.
19:20 of 3rd period - David Gustafsson wins face-off versus John Albert in Eagles zone.
19:20 of 3rd period - David Gustafsson is hit by Egor Sokolov.
19:28 of 3rd period - Steven Oleksy is hit by Leo Komarov and loses puck.
19:42 of 3rd period - David Gustafsson is hit by Steven Oleksy and loses puck.
19:55 of 3rd period - Shot by David Gustafsson.
19:55 of 3rd period - Stopped by Matthew Galajda with a rebound.
19:57 of 3rd period - Shot by Brett Kulak.
19:57 of 3rd period - Shot Blocked by Jacob Bryson.
19:59 of 3rd period - Shot by David Gustafsson.
19:59 of 3rd period - Goal by David Gustafsson - Heat : 4 - Eagles : 2.
Goals for this period are 2 for Heat vs 1 for Eagles.
Shots for this period are 9 for Heat vs 9 for Eagles.